[Event "Turkey IS Bank Super League 2017"]
[Site "Darica-Kocaeli"]
[Date "2017.08.06"]
[Round "13"]
[White "Karavade, Eesha"]
[Black "Ozturk, Kubra"]
[Result "1/2-1/2"]
[ECO "C42"]
[WhiteElo "2397"]
[BlackElo "2298"]
[Annotator "NA"]
[PlyCount "66"]
[EventType "team-tourn"]
[EventCountry "TUR"]
[SourceTitle "playchess.com"]
[Source "ChessBase"]
[SourceQuality "1"]
[TimeControl "40/5400+30:1800+30"]

1. e4 e5 2. Nc3 Nf6 3. Bc4 Nxe4 4. Qh5 Nd6 5. Qxe5+ Qe7 6. Qxe7+ Bxe7 7. Bb3 O-O 8. Nf3 Nf5 {[%emt 0:03:30] C42: Petroff Defence: 3 Nxe5 and unusual White 3rd moves} 9. O-O c6 10. Re1 d5 {[%emt 0:02:30] LiveBook: 3 Games} 11. Ne2 Nh4 $146 ({Predecessor:} 11... Re8 12. c3 Nd7 13. Bc2 Nf8 14. d4 Nh4 15. Nxh4 Bxh4 16. a4 {½-½ (34) Harika,D (2542)-Muzychuk,A (2550) Baku 2016}) 12. Nxh4 Bxh4 13. d4 Bf5 14. Ng3 Bg6 15. Bf4 Nd7 16. Re2 Rfe8 17. Rae1 Rxe2 18. Rxe2 Nf8 19. c3 Ne6 20. Bc1 Bd3 21. Re3 Bg5 22. Re1 Bxc1 23. Rxc1 Nf4 24. Re1 Kf8 25. Bd1 Re8 26. Rxe8+ Kxe8 27. Nh5 Ne6 28. f3 g6 29. Nf6+ Ke7 30. Ng4 Bb1 31. a3 Nf4 32. Nf2 Kd6 $11 33. g3 Nd3 1/2-1/2

[Event "Turkey IS Bank Super League 2017"]
[Site "Darica-Kocaeli"]
[Date "2017.08.06"]
[Round "13"]
[White "Nomin-Erdene, Davaademberel"]
[Black "Osmak, Iulija"]
[Result "0-1"]
[ECO "C12"]
[WhiteElo "2373"]
[BlackElo "2353"]
[Annotator "NA"]
[PlyCount "90"]
[EventType "team-tourn"]
[EventCountry "TUR"]
[SourceTitle "playchess.com"]
[Source "ChessBase"]
[SourceQuality "1"]
[TimeControl "40/5400+30:1800+30"]

1. e4 e6 2. d4 d5 3. Nc3 Nf6 4. Bg5 Bb4 5. e5 h6 6. Be3 Ne4 7. Qg4 g6 8. a3 Bxc3+ 9. bxc3 c5 10. Bd3 {[%emt 0:13:30] C12: French: Classical System: McCutcheon Variation} h5 (10... Nxc3 11. dxc5 Nc6 12. Nf3 Qa5 13. O-O Qa4 14. Qxa4 Nxa4 15. Bb5 Nc3 16. a4 Bd7 17. Ra3 Ne4 {½-½ (74) Ponkratov,P (2605)-Nguyen,N (2625) Khanty-Mansiysk 2013}) 11. Qf3 Nxc3 {[%emt 0:01:30] LiveBook: 8 Games} 12. dxc5 d4 13. Bd2 Nc6 14. Bxc3 dxc3 15. Qe3 Qd4 $146 ({Predecessor:} 15... Bd7 16. Nf3 Ne7 17. Be4 Qc7 {½-½ (37) Volkov,A (2107)-Aguirre Inchaurbe,P (1917) LSS email 2012}) 16. Qxd4 $1 Nxd4 17. O-O-O Nc6 18. f4 g5 (18... Ke7 $11) 19. g3 Bd7 {[%emt 0:03:30] [#]} 20. Ne2 $1 gxf4 21. gxf4 Ne7 22. Nxc3 Bc6 23. Be4 Rd8 24. Bxc6+ bxc6 (24... Nxc6 $16 25. Rxd8+ Kxd8) 25. Ne4 Rxd1+ 26. Rxd1 Nd5 27. c4 ({White should try} 27. Nd6+ $16 Kf8 28. Nc8) 27... Nxf4 28. Nf6+ Kf8 29. Rd8+ Kg7 30. Rd6 h4 31. Nd7 Rc8 32. Kd2 Kg6 33. Ke3 (33. Nb6 $11 Rg8 34. Rxc6) 33... Kf5 34. Rd4 $15 {[%emt 0:02:30] [#]} Ng2+ $1 35. Kf3 h3 36. a4 Rc7 37. Kg3 Rb7 38. Rd2 Rb3+ 39. Kf2 Ne3 40. Ke1 Ng4 41. Kd1 Rb1+ 42. Kc2 Rh1 43. Nb8 Rxh2 44. Rxh2 Nxh2 45. Nxc6 Nf3 0-1

[Event "Turkey IS Bank Super League 2017"]
[Site "Darica-Kocaeli"]
[Date "2017.08.06"]
[Round "13"]
[White "Kerigan, Demre"]
[Black "Ertan, Can"]
[Result "0-1"]
[ECO "C28"]
[WhiteElo "2354"]
[BlackElo "2377"]
[Annotator "NA"]
[PlyCount "74"]
[EventType "team-tourn"]
[EventCountry "TUR"]
[SourceTitle "playchess.com"]
[Source "ChessBase"]
[SourceQuality "1"]
[TimeControl "40/5400+30:1800+30"]

1. e4 e5 2. Bc4 Nc6 3. d3 Nf6 4. Nc3 Na5 5. Nge2 Bc5 6. O-O {[%emt 0:05:30] C28: Vienna Game: 2...Nf6 3 Bc4 Nc6} c6 (6... O-O 7. a4 Nxc4 8. dxc4 a5 9. Qd3 d6 10. b3 Be6 11. Be3 Nd7 12. Rad1 f5 13. f4 b6 {½-½ (28) Carlsen,M (2855)-Giri,A (2782) Paris 2016}) 7. a3 Nxc4 8. dxc4 h6 9. Qd3 Qc7 $146 ({Predecessor:} 9... O-O 10. Qg3 Kh7 11. Qxe5 d6 12. Qg3 Re8 13. Qd3 Ng4 {0-1 (31) Lazar,J (2155)-Piroska,I (2195) Hungary 2011}) 10. Be3 Be7 11. Rad1 d6 12. h3 Be6 13. f4 Rd8 14. f5 Bc8 15. Bf2 ({Avoid the trap} 15. Bxa7 $2 b6 $19) 15... O-O 16. Ng3 b6 17. Qf3 Ba6 18. b3 d5 19. exd5 cxd5 20. Nxd5 Nxd5 21. Rxd5 Bb7 22. Ne4 Rxd5 23. cxd5 Bxd5 24. c4 Bxe4 25. Qxe4 Bxa3 26. Rd1 Be7 $15 27. Rd5 f6 28. Be3 Rd8 29. Kh2 Rd7 30. h4 Qc6 31. Qg4 Rxd5 32. Bxh6 Bf8 33. cxd5 Qxd5 34. h5 Qxb3 35. Bd2 Qd3 36. Bc1 Qd4 37. Qg3 Qd1 0-1

[Event "Turkey IS Bank Super League 2017"]
[Site "Darica-Kocaeli"]
[Date "2017.08.06"]
[Round "13"]
[White "Ozen, Deniz"]
[Black "Dolgun, Can"]
[Result "1-0"]
[ECO "B52"]
[WhiteElo "2351"]
[BlackElo "2104"]
[Annotator "NA"]
[PlyCount "89"]
[EventType "team-tourn"]
[EventCountry "TUR"]
[SourceTitle "playchess.com"]
[Source "ChessBase"]
[SourceQuality "1"]
[TimeControl "40/5400+30:1800+30"]

1. e4 c5 2. Nf3 d6 3. Bb5+ Bd7 4. Bxd7+ Qxd7 5. O-O Nf6 6. Qe2 Nc6 7. Rd1 g5 8. c3 g4 9. Nh4 Qe6 10. d3 d5 11. Bg5 dxe4 12. Bxf6 Qxf6 13. Qxg4 exd3 14. Rxd3 Ne5 15. Qa4+ Qc6 16. Qxc6+ Nxc6 17. Nd2 Rd8 18. Rxd8+ Kxd8 19. Ne4 e6 20. Rd1+ Ke8 21. Nf3 Be7 22. Kf1 Rg8 23. h3 f5 24. Ned2 Bf6 25. Nc4 Ke7 26. a4 b6 27. g3 Rd8 28. Rxd8 Kxd8 29. g4 fxg4 30. hxg4 h6 31. Ke2 Bg5 32. Nce5 Kc7 33. Nxc6 Kxc6 34. Nxg5 hxg5 35. Ke3 Kd5 36. f4 gxf4+ 37. Kxf4 e5+ 38. Kf5 e4 39. Kf4 a6 40. g5 b5 41. axb5 axb5 42. g6 Ke6 43. Kxe4 b4 44. g7 Kf7 45. c4 1-0

[Event "Turkey IS Bank Super League 2017"]
[Site "Darica-Kocaeli"]
[Date "2017.08.06"]
[Round "13"]
[White "Ozen, Bahadir"]
[Black "Tasdogen, Dincer"]
[Result "1/2-1/2"]
[ECO "B10"]
[WhiteElo "2315"]
[BlackElo "2215"]
[Annotator "NA"]
[PlyCount "74"]
[EventType "team-tourn"]
[EventCountry "TUR"]
[SourceTitle "playchess.com"]
[Source "ChessBase"]
[SourceQuality "1"]
[TimeControl "40/5400+30:1800+30"]

1. g3 g6 2. Bg2 Bg7 3. d3 d5 4. Nf3 e5 5. O-O Ne7 6. Nbd2 O-O 7. e4 c6 8. Re1 d4 9. b4 {[%emt 0:05:30] LiveBook: 5 Games} Qc7 10. Bb2 a5 11. a3 axb4 (11... c5 $11) 12. axb4 Rxa1 13. Qxa1 Na6 14. c3 Rd8 15. Bf1 ({Reject} 15. cxd4 Nxb4 16. Qb1 exd4 $15) 15... Bg4 16. h3 (16. b5 $5 cxb5 17. cxd4 $14) 16... Bxf3 17. Nxf3 Qb6 18. Rc1 Nc7 19. cxd4 Ra8 20. Qb1 exd4 21. Rc4 Nb5 22. e5 Nd5 23. Nxd4 Bxe5 24. Nxb5 Bxb2 25. Qxb2 Qxb5 26. Bg2 $11 Nc7 27. Qf6 Qa6 28. Qe7 Ne6 29. Re4 Qa1+ 30. Kh2 Ra2 31. Rxe6 fxe6 32. Qe8+ Kg7 33. Qe7+ Kh6 34. Qh4+ Kg7 35. Qe7+ Kh6 36. Qh4+ Kg7 37. Qe7+ Kh6 1/2-1/2

[Event "Turkey IS Bank Super League 2017"]
[Site "Darica-Kocaeli"]
[Date "2017.08.07"]
[Round "13"]
[White "Burcu, Cagatay"]
[Black "Karagollu, Ahmet"]
[Result "1-0"]
[ECO "E63"]
[WhiteElo "2263"]
[BlackElo "2083"]
[Annotator "ChessBase"]
[PlyCount "97"]
[EventType "team-tourn"]
[EventCountry "TUR"]
[SourceTitle "playchess.com"]
[Source "ChessBase"]
[SourceQuality "1"]
[TimeControl "40/5400+30:1800+30"]

1. d4 Nf6 2. Nf3 g6 3. c4 Bg7 4. g3 O-O 5. Bg2 d6 6. O-O Nc6 7. Nc3 a6 8. Bf4 Bd7 9. Rc1 Re8 10. d5 Na5 11. Nd2 c5 12. dxc6 Nxc6 13. Nd5 Rc8 14. Be3 Nxd5 15. cxd5 Nd4 16. Nc4 b5 17. Bxd4 bxc4 18. Bxg7 Kxg7 19. Qd4+ Kg8 20. Rxc4 Rxc4 21. Qxc4 Qb6 22. b3 Qa5 23. a4 Rb8 24. Be4 Rb4 25. Qc2 Qb6 26. Bd3 Rxb3 27. Bb5 Rxb5 28. axb5 Bxb5 29. Qe4 Qc7 30. h4 h5 31. Rb1 Kf8 32. Qe3 Kg7 33. Rc1 Qd7 34. Qd4+ Kh7 35. Qe4 Kg7 36. Kg2 Kg8 37. Rc3 Kg7 38. f3 Qb7 39. Re3 Kf8 40. Qd4 Kg8 41. g4 hxg4 42. Qxg4 Qxd5 43. Rxe7 Kf8 44. Re3 Kg7 45. Qb4 Qc4 46. Qb2+ Kh7 47. Qf6 Bd7 48. Re4 Qd5 49. Re7 1-0

[Event "Turkey IS Bank Super League 2017"]
[Site "Darica-Kocaeli"]
[Date "2017.08.06"]
[Round "13"]
[White "Yelken, Mustafa"]
[Black "Akcan, Umit"]
[Result "1/2-1/2"]
[ECO "C15"]
[WhiteElo "2171"]
[BlackElo "1951"]
[Annotator "NA"]
[PlyCount "97"]
[EventType "team-tourn"]
[EventCountry "TUR"]
[SourceTitle "playchess.com"]
[Source "ChessBase"]
[SourceQuality "1"]
[TimeControl "40/5400+30:1800+30"]

1. e4 e6 2. d4 d5 3. Nc3 Bb4 4. Nge2 dxe4 5. a3 Be7 6. Nxe4 Nf6 7. N2g3 O-O 8. c3 Nxe4 9. Nxe4 Qd5 10. Qf3 f5 11. Nd2 c5 12. Bc4 Qxf3 13. Nxf3 Nc6 {[%emt 0:00:30] [#]} 14. dxc5 $1 Bxc5 15. O-O h6 16. h4 Bd6 17. Be3 Rd8 $16 18. Rfe1 Kh7 19. Bd4 Nxd4 20. Nxd4 e5 21. Nb5 Bb8 22. Rad1 Rd7 23. Rxd7 Bxd7 24. Rd1 Bxb5 25. Bxb5 e4 26. Rd7 a6 27. Bc4 b5 28. Bd5 Ra7 29. Bb7 Kg6 30. b3 a5 31. a4 bxa4 32. bxa4 Be5 33. c4 Bd4 34. Kf1 Kf6 35. Rc7 Ke6 36. Bd5+ Ke5 37. Rc8 Re7 38. Ke2 f4 39. Rb8 Kd6 40. Rb5 Bc3 41. Ba8 Re5 42. Bd5 e3 43. fxe3 Rxe3+ 44. Kd1 Bb4 45. Rb7 Re7 46. Rb8 Re1+ 47. Kc2 Re2+ 48. Kd3 Re3+ 49. Kd4 1/2-1/2

[Event "Turkey IS Bank Super League 2017"]
[Site "Darica-Kocaeli"]
[Date "2017.08.07"]
[Round "13"]
[White "Bozbey, Ali"]
[Black "Tuncer, Tuna"]
[Result "0-1"]
[ECO "B94"]
[WhiteElo "2139"]
[BlackElo "2274"]
[Annotator "ChessBase"]
[PlyCount "100"]
[EventType "team-tourn"]
[EventCountry "TUR"]
[SourceTitle "playchess.com"]
[Source "ChessBase"]
[SourceQuality "1"]
[TimeControl "40/5400+30:1800+30"]

1. e4 c5 2. Nc3 a6 3. Nf3 d6 4. d4 cxd4 5. Nxd4 Nf6 6. Bg5 Nbd7 7. f4 Qc7 8. Qf3 h6 9. Bxf6 Nxf6 10. h3 e6 11. O-O-O Be7 12. g4 b5 13. Rg1 Nd7 14. Kb1 Bb7 15. f5 e5 16. Nb3 Rc8 17. Rg2 Nb6 18. Bd3 O-O 19. g5 Bxg5 20. f6 Qd8 21. fxg7 Re8 22. Nd5 Bxd5 23. exd5 e4 24. Bxe4 Qf6 25. Qd3 Nc4 26. Nd4 Nd2+ 27. Rgxd2 Bxd2 28. Rg1 Bg5 29. h4 Qf2 30. Nf3 Rc4 31. Bh7+ Kxg7 32. Rf1 Qg3 33. hxg5 hxg5 34. Rd1 g4 35. b3 Rf4 36. Ne1 Re3 37. Qd2 Kxh7 38. Ng2 Rfe4 39. Nxe3 Rxe3 40. Rh1+ Kg6 41. Kb2 Qe5+ 42. Ka3 g3 43. Rh4 Qg5 44. Qd4 g2 45. Qh8 g1=Q 46. Qg8+ Kf6 47. Qd8+ Re7 48. Qh8+ Qg7 49. Rh6+ Ke5 50. Rh5+ f5 0-1

[Event "Turkey IS Bank Super League 2017"]
[Site "Darica-Kocaeli"]
[Date "2017.08.06"]
[Round "13"]
[White "Ererdem, Gani Eren"]
[Black "Sevgi, Volkan"]
[Result "1-0"]
[ECO "A90"]
[WhiteElo "2090"]
[BlackElo "2199"]
[Annotator "NA"]
[PlyCount "81"]
[EventType "team-tourn"]
[EventCountry "TUR"]
[SourceTitle "playchess.com"]
[Source "ChessBase"]
[SourceQuality "1"]
[TimeControl "40/5400+30:1800+30"]

1. d4 d5 2. Nf3 c6 3. c4 e6 4. g3 f5 5. Bg2 Nf6 6. O-O Bd6 {[%emt 0:00:00] LiveBook: 2481 Games} 7. Bf4 O-O 8. Nbd2 {[%emt 0:08:30] A90: Dutch Defence: Miscellaneous and Modern Stonewall (with ...Bd6)} (8. Bxd6 Qxd6 9. Nbd2 Nbd7 10. Qc2 b6 11. Rac1 Ba6 12. Rfd1 Ne4 13. e3 Bb7 14. Ne1 g5 15. Nd3 Rac8 16. b4 Ba6 17. c5 Bxd3 18. Qxd3 bxc5 19. bxc5 {0-1 (41) Shyam,S (2534)-McDonald,N (2418) London 2013}) 8... b6 9. Rc1 Bb7 10. Bxd6 Qxd6 11. Ne5 Nbd7 12. Ndf3 c5 $146 ({Find the theoretical novelty and annotate with similar games:} 12... Rac8 13. Nxd7 Nxd7 14. Qa4 {0-1 (40) Feofanov,A (1904)-Shulajakov,A Kemerovo 2012}) 13. Qa4 cxd4 14. Nxd7 Nxd7 15. Nxd4 Nc5 16. Qb4 f4 17. Rcd1 Rad8 18. Nb5 Qe7 19. Nxa7 d4 $16 (19... Ra8 $11 20. Nb5 (20. Qxb6 Na4 $15) 20... Ra4) 20. Qxb6 Rb8 21. Bxb7 Rxb7 22. Nc6 Rxb6 23. Nxe7+ Kf7 24. b4 Na4 25. c5 Rxb4 26. Nc6 Rb5 27. Rxd4 Nc3 28. Rxf4+ Ke8 29. Rxf8+ Kxf8 30. Nd4 Ra5 31. Nxe6+ Ke7 32. Nd4 Ra4 33. e3 Rxa2 34. Rc1 Nd5 35. c6 Nc7 36. Rb1 Ra5 37. Rb7 Kd6 38. Rb8 Ke7 39. Rg8 Ne8 40. c7 Rc5 41. Nb5 1-0

[Event "Turkey IS Bank Super League 2017"]
[Site "Darica-Kocaeli"]
[Date "2017.08.08"]
[Round "13"]
[White "Arda, Cagil Irmak"]
[Black "Yassibag, Ipek Asli"]
[Result "0-1"]
[ECO "B01"]
[WhiteElo "2080"]
[BlackElo "1880"]
[Annotator "NA RC"]
[PlyCount "118"]
[EventType "team-tourn"]
[EventCountry "TUR"]
[SourceTitle "playchess.com"]
[Source "ChessBase"]
[SourceQuality "1"]
[TimeControl "40/5400+30:1800+30"]

1. e4 d5 2. exd5 Nf6 3. Bb5+ Bd7 4. Be2 Nxd5 5. d4 {[%emt 0:00:00] LiveBook: 364 Games} Bf5 6. Nf3 e6 7. O-O Bd6 8. g3 {[%emt 0:05:30] B01: Scandinavian Defence} (8. Re1 O-O 9. a3 Nd7 10. c4 Nf4 11. Bf1 c5 12. Nc3 a6 13. Ne4 Bxe4 14. Rxe4 Ng6 15. dxc5 Bxc5 {1-0 (39) Hansen,S (2555)-Peek,M (2383) Netherlands 2006}) 8... O-O $146 ({Find the theoretical novelty and annotate with similar games:} 8... Nd7 9. a3 N5f6 10. c4 c5 11. Nc3 O-O 12. Be3 a6 13. Kg2 h6 14. Nh4 Bh7 15. f4 Qe7 {0-1 (36) Bodnaruk,A (2198)-Vozovic,O (2288) Kharkov 2005}) 9. a3 Nc6 10. c4 Nf6 11. b4 a6 12. Bb2 Be7 13. Re1 Ne4 (13... Nd7 $14) 14. Bd3 Ng5 15. Bxf5 exf5 16. Nbd2 Bf6 17. Nxg5 Bxg5 18. f4 ({White should play} 18. d5 $16) 18... Bf6 19. Nf3 Re8 20. Ne5 Ne7 21. Qf3 c6 22. Kh1 g6 23. h3 Bg7 24. Kg2 Nc8 25. a4 Nd6 26. Qb3 Bxe5 27. fxe5 Ne4 28. d5 cxd5 29. cxd5 Qb6 $2 (29... Rc8 $11 {and Black is okay.}) 30. Re2 Rad8 31. Rd1 a5 (31... Qc7 $16 {was called for.}) 32. b5 Qc5 33. Rd3 Qe7 34. Qa2 Qb4 35. Rd4 Qc5 36. Rd3 Qb4 37. Qa1 Qc4 38. Qd1 Nc5 39. Rd4 Qb3 40. Qxb3 Nxb3 41. Rd1 Nc5 42. Bc3 Nxa4 43. Bxa5 Rd7 44. Ra2 Nc5 45. Bc3 Ne4 46. Ba1 Red8 (46... f6 $5) 47. Rc2 h6 ({Don't go for} 47... Rxd5 $2 48. Rxd5 Rxd5 49. Rc8+ Kg7 50. e6+ f6 51. e7 $18) (47... Kf8 $11 {keeps the balance.}) 48. h4 (48. d6 $16) 48... g5 49. d6 f6 {[%emt 0:00:11] [#]} (49... Ra8 {is a better defense.}) 50. e6 $1 Rxd6 51. Rxd6 Rxd6 52. Rc8+ Kg7 53. e7 Rd2+ 54. Kf3 Nd6 55. e8=Q Nxe8 56. Rxe8 Rd3+ (56... Rd1 $16 {keeps fighting.}) 57. Re3 Rd1 58. Bb2 Rd2 59. Bc3 (59. Rb3 $16) 59... g4+ 0-1

[Event "Turkey IS Bank Super League 2017"]
[Site "Darica-Kocaeli"]
[Date "2017.08.06"]
[Round "13"]
[White "Gulden, Egemen"]
[Black "Ozenir, Ekin Baris"]
[Result "0-1"]
[ECO "C09"]
[WhiteElo "2044"]
[BlackElo "2098"]
[Annotator "NA"]
[PlyCount "94"]
[EventType "team-tourn"]
[EventCountry "TUR"]
[SourceTitle "playchess.com"]
[Source "ChessBase"]
[SourceQuality "1"]
[TimeControl "40/5400+30:1800+30"]

1. e4 e6 2. d4 d5 3. Nd2 c5 4. Ngf3 Nc6 5. exd5 exd5 6. Bb5 Bd6 7. dxc5 Bxc5 8. O-O Nge7 9. Nb3 Bb6 10. Bg5 O-O 11. Nbd4 (11. Re1 $5 Qd6 12. c4 $14) 11... Bd7 12. a4 a6 13. Be2 f6 14. Be3 Ne5 15. c3 $11 Rc8 16. Qb3 Nc4 17. Bf4 Ng6 18. Bg3 f5 19. h3 f4 20. Bh2 a5 21. Bd3 Qf6 22. Qc2 Bxd4 23. Nxd4 Nge5 24. Bxh7+ Kh8 25. b3 Nd6 26. Rae1 g6 27. Rxe5 Qxe5 28. Bxg6 Ne4 29. Qd1 Nxc3 30. Qf3 Qg5 31. Bd3 Rce8 32. Rc1 Ne4 33. Rc7 Nd2 34. Qd1 Qe5 35. Qxd2 Qxc7 36. Ne2 Qe5 37. Nxf4 Qe1+ 38. Qxe1 Rxe1+ 39. Bf1 Rxf4 40. Bxf4 Bf5 41. Bd2 Rd1 42. Bxa5 Bd3 43. g4 Bxf1 44. Kh2 Rd3 45. h4 Rh3+ 46. Kg1 Be2 47. Bd8 Bf3 0-1

[Event "Turkey IS Bank Super League 2017"]
[Site "Darica-Kocaeli"]
[Date "2017.08.06"]
[Round "13"]
[White "Unat, Can Haktan"]
[Black "Yilmaz, Goktan"]
[Result "0-1"]
[ECO "E60"]
[WhiteElo "2006"]
[BlackElo "2202"]
[Annotator "NA"]
[PlyCount "105"]
[EventType "team-tourn"]
[EventCountry "TUR"]
[SourceTitle "playchess.com"]
[Source "ChessBase"]
[SourceQuality "1"]
[TimeControl "40/5400+30:1800+30"]

1. Nf3 Nf6 2. g3 g6 3. b3 Bg7 4. Bb2 O-O 5. Bg2 {[%emt 0:00:00] LiveBook: 1800 Games} c5 6. c4 Nc6 7. O-O d6 8. d4 cxd4 9. Nxd4 Bd7 10. Nc3 a6 11. Rc1 Qa5 {[%emt 0:04:30] E60: King's Indian: Unusual lines and Fianchetto Variation without Nc3} 12. e3 Rac8 13. Qe2 (13. a3 Bg4 14. Qd2 Qh5 15. Nce2 Nxd4 16. Nxd4 e5 17. Nc2 Bf3 18. Bxf3 Qxf3 19. Qd1 Qc6 20. Nb4 Qb6 {½-½ (20) Bachmann,A (2649)-Shimanov,A (2627) Philadelphia 2016}) 13... Bg4 $146 ({Predecessor:} 13... Rfe8 14. Rfd1 Bg4 15. Nxc6 bxc6 16. f3 Be6 17. Na4 c5 18. Bc3 Qc7 19. Qe1 {1-0 (89) Le Roux,J (2447)-Mogranzini,R (2421) Szeged 2007}) 14. f3 Bd7 15. Rfd1 Qh5 (15... b5 $15) 16. Nxc6 bxc6 17. Na4 Rc7 18. c5 d5 19. Nb6 e5 20. Nxd7 (20. Qxa6 $16 Be6 21. Rf1) 20... Nxd7 21. Rc2 f5 22. f4 (22. Qxa6 $14 e4 23. Bxg7 Kxg7 24. Qa5) 22... Qxe2 23. Rxe2 exf4 ({Worse is} 23... Nxc5 24. Ba3 $16 (24. fxe5 Rfc8 $11)) 24. Bxg7 Kxg7 25. exf4 Nxc5 26. Rc2 Ne6 27. b4 Rb8 28. a3 Kf6 29. Re1 Nd4 30. Rd2 Nb5 31. Rde2 Nxa3 32. Ra1 Nc4 33. Rxa6 Rb6 34. Ra8 Rxb4 35. Rf8+ Kg7 36. Rfe8 Rb1+ 37. Kf2 Rb2 38. Rxb2 Nxb2 39. Ke3 Kf7 40. Rb8 Nc4+ 41. Kd4 Ke6 42. Kc5 Nd6 43. Kb6 Kd7 44. Rg8 Rb7+ 45. Kc5 Rb5+ 46. Kd4 Ke6 47. Ra8 c5+ 48. Kc3 d4+ 49. Kc2 $19 c4 50. Bf1 d3+ 51. Kd2 Rb2+ 52. Ke3 Rb1 53. Kd4 0-1

[Event "Turkey IS Bank Super League 2017"]
[Site "Darica-Kocaeli"]
[Date "2017.08.08"]
[Round "13"]
[White "Gundogan, Sinem Cagla"]
[Black "Ayan, Bengu Sena"]
[Result "1-0"]
[ECO "C02"]
[WhiteElo "2000"]
[BlackElo "1862"]
[Annotator "NA RC"]
[PlyCount "113"]
[EventType "team-tourn"]
[EventCountry "TUR"]
[SourceTitle "playchess.com"]
[Source "ChessBase"]
[SourceQuality "1"]
[TimeControl "40/5400+30:1800+30"]

1. e4 e6 2. d4 d5 3. e5 c5 4. c3 Qb6 5. Nf3 Nc6 6. a3 Bd7 7. b4 cxd4 8. cxd4 Rc8 9. Be3 Nge7 10. Bd3 Nf5 11. Nbd2 Be7 ({Not} 11... Nfxd4 $2 12. Nxd4 Nxd4 13. Qg4 $18) 12. O-O O-O 13. Nb3 {[%emt 0:02:30] C02: French: Advance Variation} Nxe3 14. fxe3 {[%emt 0:00:30] LiveBook: 27 Games} f6 15. Nc5 Qc7 16. exf6 Bxf6 17. Rc1 b6 18. Nxd7 Qxd7 19. b5 $146 ({Predecessor:} 19. Ba6 Rc7 20. Qc2 Bd8 {1-0 (41) Jonkman,H (2498)-Dittmar,P (2330) Saint Vincent 2002}) 19... Ne7 20. Rxc8 Qxc8 21. Qb1 h6 22. Qb3 Kh8 23. Bb1 Qc4 (23... g6 $11) 24. Qxc4 dxc4 25. Ne5 Rc8 26. Nf7+ Kg8 27. Nd6 Rc7 (27... Rd8 $16 {is a better defense.} 28. Nxc4 Rc8) 28. Ne8 Rd7 29. Ba2 Kf7 30. Nxf6 gxf6 31. Bxc4 Nd5 32. Kf2 Rc7 33. Rc1 Ke7 34. Ke2 Kd6 35. Kd3 e5 36. g3 f5 37. e4 fxe4+ 38. Kxe4 exd4 39. Kxd4 Nf6 40. Re1 Ng4 41. Re6+ Kd7 42. Re2 Kd8 43. Be6 Nf6 44. Ke5 Nd7+ 45. Kf5 Nf8 46. a4 Rc5+ 47. Kf6 Nxe6 48. Kxe6 Rc4 49. Ra2 h5 50. Kf5 Ke7 51. Kg5 Rc5+ 52. Kg6 Re5 $18 53. Rf2 Kd6 54. Rf5 Re4 55. Rf4 Re5 56. Rh4 Ke6 57. Rxh5 1-0

[Event "Turkey IS Bank Super League 2017"]
[Site "Darica-Kocaeli"]
[Date "2017.08.07"]
[Round "13"]
[White "Alper, Metin"]
[Black "Kamer, Kayra"]
[Result "1/2-1/2"]
[ECO "D90"]
[WhiteElo "1947"]
[BlackElo "2062"]
[Annotator "NA RC"]
[PlyCount "74"]
[EventType "team-tourn"]
[EventCountry "TUR"]
[SourceTitle "playchess.com"]
[Source "ChessBase"]
[SourceQuality "1"]
[TimeControl "40/5400+30:1800+30"]

1. d4 Nf6 2. Nf3 g6 3. c4 Bg7 4. Nc3 d5 5. h4 {[%emt 0:02:00] D90: Grünfeld: 4 Nf3 Bg7 sidelines} c6 (5... O-O 6. cxd5 Nxd5 7. h5 c5 8. hxg6 hxg6 9. Bh6 Bxh6 10. Rxh6 Nxc3 11. bxc3 Kg7 12. Qd2 cxd4 {½-½ (42) Li,C (2735)-Svidler,P (2749) Geneve 2017}) 6. e3 O-O 7. Qb3 Qb6 $146 ({Find the theoretical novelty and annotate with similar games:} 7... a6 8. cxd5 cxd5 9. h5 Nc6 10. hxg6 hxg6 11. Bd3 b5 12. Ne5 Nxe5 13. dxe5 {1-0 (44) Hughes,T (2295)-Wang,P (2441) Richardson 2011}) 8. Qxb6 axb6 9. cxd5 cxd5 10. h5 Bf5 11. hxg6 hxg6 12. Nh4 e6 13. Nxf5 exf5 14. Be2 Nc6 15. O-O Rfd8 16. Bd2 Ne4 17. Nxe4 fxe4 18. a3 Na5 19. Bxa5 bxa5 20. Rfc1 Rac8 21. Kf1 Kf8 22. Ke1 Ke7 23. Kd2 f5 24. Rxc8 Rxc8 25. Rc1 Rxc1 26. Kxc1 f4 27. Kd2 fxe3+ 28. fxe3 Kd6 29. a4 b6 30. b3 Bf8 31. Bb5 Ke6 32. g4 Bb4+ 33. Ke2 Ba3 34. Bc6 Bc1 35. Bb7 g5 36. Bc8+ Kd6 $11 37. Bb7 Ba3 1/2-1/2

[Event "Turkey IS Bank Super League 2017"]
[Site "Darica-Kocaeli"]
[Date "2017.08.07"]
[Round "13"]
[White "Celik, Eda"]
[Black "Duran, Esma Doga"]
[Result "0-1"]
[ECO "D30"]
[WhiteElo "1939"]
[BlackElo "1939"]
[Annotator "NA"]
[PlyCount "84"]
[EventType "team-tourn"]
[EventCountry "TUR"]
[SourceTitle "playchess.com"]
[Source "ChessBase"]
[SourceQuality "1"]
[TimeControl "40/5400+30:1800+30"]

1. d4 d5 2. Bf4 Nf6 3. e3 c6 4. c4 e6 5. Nf3 Bd6 6. Bg3 O-O 7. Nc3 Qe7 8. Bd3 Nbd7 9. O-O dxc4 10. Bxc4 Bxg3 11. hxg3 b5 12. Be2 Bb7 13. Qc2 Rac8 14. Rfd1 b4 15. Na4 c5 16. dxc5 Nxc5 17. Nxc5 Rxc5 18. Qd2 Rd5 $11 19. Qe1 a5 20. Rac1 Rfd8 21. Nd4 e5 22. Nf5 Qd7 23. Nh4 e4 24. f3 g5 25. fxe4 Nxe4 26. Nf3 Qd6 27. Rxd5 Bxd5 28. Rd1 Qc7 29. Bd3 g4 30. Bxe4 Bxe4 31. Rxd8+ Qxd8 32. Ne5 Qg5 33. Nc4 Qd5 34. Nd2 Bg6 35. b3 Qe5 36. Nc4 Qd5 37. Qe2 h5 38. Nd2 Qe5 39. Nc4 Qxg3 40. Nxa5 Qh4 41. Nc4 g3 42. Qf3 Bd3 0-1